[Event "ICC tourney 2376 (15 3)"]
[Site "Internet Chess Club"]
[Date "2021.02.06"]
[Round "6"]
[White "Jake000"]
[Black "Kokosnuss1000"]
[Result "1/2-1/2"]
[ICCResult "Game drawn by repetition"]
[WhiteElo "759"]
[BlackElo "1144"]
[Opening "two knights defense"]
[ECO "C58"]
[NIC "KP.01"]
[Time "17:47:41"]
[PlyCount "114"]
[TimeControl "900+3"]

1. e4 e5 2. Nf3 Nc6 3. Bc4 Nf6 4. Ng5 d5 5. exd5 Na5 6. Nxf7 Kxf7 7. d6+
Nxc4 8. dxc7 Qxc7 9. Nc3 Bc5 10. d3 Nb6 11. O-O Re8 12. Ne4 Nxe4 13. dxe4
Kg8 14. c3 Rf8 15. Qb3+ Kh8 16. Be3 Bxe3 17. fxe3 Rxf1+ 18. Rxf1 Bg4 19.
Qa3 Qc8 20. h3 Nc4 21. Qe7 Nxe3 22. Rf7 Be6 23. Rxg7 Bg8 24. Rxh7+ Bxh7 25.
Qxe5+ Kg8 26. Qg5+ Kf8 27. Qf6+ Ke8 28. Qh8+ Kd7 29. Qxh7+ Kd8 30. Qg8+ Kd7
31. Qf7+ Kc6 32. Qf6+ Kb5 33. Qe5+ Qc5 34. a4+ Kb6 35. Qe6+ Qc6 36. Qb3+
Ka5 37. Qb4+ Ka6 38. Qd4 Qb6 39. Qd3+ Nc4+ 40. Kh1 Qc6 41. b3 b5 42. axb5+
Qxb5 43. bxc4 Qg5 44. Qd6+ Ka5 45. Qa3+ Kb6 46. Qd6+ Kb7 47. Qd7+ Kb8 48.
Qe8+ Kb7 49. Qd7+ Ka6 50. Qc6+ Ka5 51. Qc7+ Ka4 52. Qc6+ Kb3 53. Qxa8 Qc1+
54. Kh2 Qf4+ 55. Kh1 Qc1+ 56. Kh2 Qf4+ 57. Kh1 Qc1+ { Game drawn by
repetition } 1/2-1/2

[Event "ICC tourney 2376 (15 3)"]
[Site "Internet Chess Club"]
[Date "2021.02.06"]
[Round "6"]
[White "coderboy123"]
[Black "BryBro"]
[Result "1/2-1/2"]
[ICCResult "Game drawn by mutual agreement"]
[WhiteElo "1241"]
[BlackElo "1091"]
[Opening "QGD Slav: 4.Nc3"]
[ECO "D15"]
[NIC "SL.03"]
[Time "17:47:44"]
[PlyCount "120"]
[TimeControl "900+3"]

1. d4 d5 2. c4 c6 3. Nc3 Nf6 4. Nf3 Bf5 5. Bf4 e6 6. e3 Bb4 7. Qb3 Bxc3+ 8.
Qxc3 O-O 9. Bd3 Bg6 10. O-O Nbd7 11. Bxg6 hxg6 12. Rac1 Nh5 13. Bg3 Nxg3
14. hxg3 Nf6 15. Qd3 Ne4 16. Nd2 Nxd2 17. Qxd2 Qc7 18. cxd5 exd5 19. Rc3
Qa5 20. a3 Rfe8 21. Rfc1 Rac8 22. b4 Qb6 23. Qb2 a5 24. Qb1 axb4 25. axb4
Ra8 26. Rb3 Rec8 27. Rbc3 Re8 28. Rc5 Ra4 29. b5 Re6 30. bxc6 Qxb1 31. Rxb1
bxc6 32. Rbc1 Ra6 33. Kf1 Kf8 34. Ke2 Ke7 35. Kf3 Kd7 36. R1c2 Ra1 37. Rb2
Kc7 38. Rbc2 Rg1 39. Rxd5 Rf6+ 40. Ke4 Rxg2 41. Rdc5 Rgxf2 42. Rxf2 Rxf2
43. d5 Rf6 44. g4 Kb6 45. Rc3 Rd6 46. Rd3 Kc5 47. Rc3+ Kb5 48. dxc6 Rxc6
49. Rxc6 Kxc6 50. Ke5 Kd7 51. Kd5 Ke7 52. e4 f6 53. e5 fxe5 54. Kxe5 Kf7
55. g5 Ke7 56. Kd5 Kf7 57. Kd6 Kf8 58. Ke6 Ke8 59. Kd6 Kf7 60. Kd7 Kf8 {
Game drawn by mutual agreement } 1/2-1/2

[Event "ICC tourney 2376 (15 3)"]
[Site "Internet Chess Club"]
[Date "2021.02.06"]
[Round "6"]
[White "gravesal33"]
[Black "Rhyanma"]
[Result "0-1"]
[ICCResult "White checkmated"]
[WhiteElo "972"]
[BlackElo "1124"]
[Opening "Réti opening"]
[ECO "A04"]
[NIC "QP.11"]
[Time "17:47:53"]
[PlyCount "136"]
[TimeControl "900+3"]

1. Nf3 b6 2. g3 Bb7 3. Bg2 Nc6 4. O-O e6 5. d3 Nf6 6. Nbd2 Bc5 7. Qe1 O-O
8. e4 Ne7 9. b3 Ng6 10. Bb2 d5 11. a4 a5 12. e5 Nd7 13. d4 Be7 14. c4 dxc4
15. Nxc4 Bb4 16. Bc3 Bxc3 17. Qxc3 c5 18. Nd6 cxd4 19. Qxd4 Bxf3 20. Bxf3
Ra7 21. Rfe1 f6 22. Qc4 Qe7 23. Nc8 Rxc8 24. Qxc8+ Kf7 25. Bh5 Nxe5 26.
Bxg6+ hxg6 27. Qc3 Rc7 28. Qe3 Rd7 29. Red1 Rxd1+ 30. Rxd1 Qb7 31. f4 Nf3+
32. Kf2 Nxh2 33. Qd3 Ng4+ 34. Kg1 Kg8 35. Rf1 Qc6 36. Qf3 Qc5+ 37. Kg2 Ne3+
38. Kh3 Nxf1 39. Qxf1 Qh5+ 40. Kg2 Qd5+ 41. Qf3 Qxf3+ 42. Kxf3 Kf7 43. Ke4
f5+ 44. Ke5 Ke7 45. Kd4 Kd6 46. Kc4 g5 47. Kd4 gxf4 48. gxf4 g6 49. Kc4 e5
50. fxe5+ Kxe5 51. Kd3 g5 52. Ke3 f4+ 53. Kf3 Kf5 54. Kg2 g4 55. Kf2 g3+
56. Kf3 Kg5 57. Kg2 Kg4 58. Kf1 Kf3 59. Kg1 g2 60. Kh2 Kf2 61. Kh3 g1=Q 62.
Kh4 f3 63. Kh5 Qg2 64. Kh6 Ke3 65. Kh7 Kf4 66. Kh8 Kf5 67. b4 Kf6 68. bxa5
Qg7# { White checkmated } 0-1

[Event "ICC tourney 2376 (15 3)"]
[Site "Internet Chess Club"]
[Date "2021.02.06"]
[Round "6"]
[White "SlickSmith"]
[Black "TheInterMitten"]
[Result "1-0"]
[ICCResult "Black checkmated"]
[WhiteElo "1316"]
[BlackElo "188"]
[Opening "Queen's pawn, Mason variation"]
[ECO "D00"]
[NIC "QP.08"]
[Time "17:47:46"]
[PlyCount "123"]
[TimeControl "900+3"]

1. d4 d5 2. Bf4 Nf6 3. e3 Bf5 4. Bd3 Bg6 5. Nf3 e6 6. c3 Bd6 7. Bg3 Nc6 8.
Qc2 O-O 9. Nbd2 Qe7 10. O-O Rad8 11. Ne5 Bxd3 12. Qxd3 Qe8 13. Ndf3 Nh5 14.
Rfe1 Nxg3 15. hxg3 f6 16. Nxc6 Qxc6 17. e4 dxe4 18. Qxe4 Qxe4 19. Rxe4 Rfe8
20. Rae1 Kf7 21. Kf1 f5 22. Ne5+ Kf6 23. R4e3 c5 24. Nf3 cxd4 25. Nxd4 Bc5
26. Rxe6+ Rxe6 27. Nxe6 Rd5 28. Nxc5 Rxc5 29. Ke2 Re5+ 30. Kd2 Rxe1 31.
Kxe1 Ke5 32. Kd2 Ke4 33. b4 b5 34. f3+ Kd5 35. Kd3 g5 36. a3 h5 37. Kc2 Kc4
38. Kb2 Kd3 39. Kb3 Ke2 40. a4 a6 41. axb5 axb5 42. c4 bxc4+ 43. Kxc4 Kf2
44. b5 Kxg2 45. b6 Kxg3 46. b7 h4 47. b8=Q+ f4 48. Qe5 Kxf3 49. Qxg5 h3 50.
Qh4 Kg2 51. Qg4+ Kh2 52. Qxf4+ Kg2 53. Qg4+ Kh2 54. Kd3 Kh1 55. Qf3+ Kg1
56. Qxh3 Kf2 57. Qe6 Kf3 58. Qf6+ Kg2 59. Ke3 Kg3 60. Qg6+ Kh3 61. Kf3 Kh4
62. Qg4# { Black checkmated } 1-0

[Event "ICC tourney 2376 (15 3)"]
[Site "Internet Chess Club"]
[Date "2021.02.06"]
[Round "6"]
[White "RoyWilkes40"]
[Black "cxusanderson"]
[Result "1-0"]
[ICCResult "Black checkmated"]
[WhiteElo "1054"]
[BlackElo "1197"]
[Opening "Giuoco Pianissimo: Italian four knights variation"]
[ECO "C50"]
[NIC "IG.02"]
[Time "17:47:43"]
[PlyCount "169"]
[TimeControl "900+3"]

1. e4 e5 2. Nf3 Nc6 3. Bc4 Bc5 4. Nc3 Nf6 5. d3 h6 6. O-O O-O 7. b3 d6 8.
h3 Be6 9. Bxe6 fxe6 10. Nd2 Nh5 11. Qxh5 Qf6 12. Qf3 Qg6 13. Qe2 Nd4 14.
Qd1 Nc6 15. Nc4 Qf7 16. Be3 Bb6 17. Bxb6 axb6 18. Ne2 Qg6 19. Ng3 Nd4 20.
c3 Nb5 21. Qd2 h5 22. h4 Qg4 23. d4 Qxh4 24. dxe5 dxe5 25. Nxe5 Qf6 26. Nd7
Qg6 27. Nxf8 Rxf8 28. c4 Nd6 29. e5 Nf7 30. Qe2 h4 31. Nh1 Nh6 32. g3 hxg3
33. fxg3 Rxf1+ 34. Rxf1 Nf5 35. g4 Nh6 36. Rf4 Qg5 37. Re4 Nf5 38. Kf1 Nh6
39. Qe3 Qh4 40. g5 Qxh1+ 41. Ke2 Qg2+ 42. Kd3 Nf5 43. Qe2 Qg3+ 44. Kc2 Qxg5
45. Rg4 Qd8 46. Kc3 c5 47. Qd2 Qe7 48. Rg1 Qc7 49. Qe2 Nd4 50. Qg2 Qxe5 51.
Kd3 Qf5+ 52. Kd2 Qc2+ 53. Ke3 Nf5+ 54. Kf4 Qc3 55. Re1 Qd4+ 56. Qe4 Qd6+
57. Kf3 Nd4+ 58. Kf2 Qf8+ 59. Ke3 Nf5+ 60. Kd2 Qd6+ 61. Kc3 Qg3+ 62. Kb2
Qg6 63. Qxe6+ Qxe6 64. Rxe6 g5 65. Rg6+ Ng7 66. Rxg5 Kf7 67. b4 cxb4 68.
Kb3 Ke7 69. Kxb4 Kd7 70. Rxg7+ Kc6 71. a4 b5 72. axb5+ Kb6 73. c5+ Ka7 74.
Ka5 Kb8 75. c6 bxc6 76. bxc6 Kc8 77. Kb6 Kd8 78. Kb7 Ke8 79. c7 Kf8 80. Rg5
Kf7 81. c8=Q Kf6 82. Rd5 Kg6 83. Qc6+ Kf7 84. Rd7+ Ke8 85. Qc8# { Black
checkmated } 1-0

[Event "ICC tourney 2376 (15 3)"]
[Site "Internet Chess Club"]
[Date "2021.02.06"]
[Round "6"]
[White "dpanoop"]
[Black "AditiE"]
[Result "1-0"]
[ICCResult "Black checkmated"]
[WhiteElo "792"]
[BlackElo "149"]
[Opening "Scotch opening"]
[ECO "C44"]
[NIC "KP.10"]
[Time "17:48:20"]
[PlyCount "45"]
[TimeControl "900+3"]

1. e4 e5 2. Nf3 Nc6 3. d4 d5 4. exd5 Qxd5 5. Nc3 Qd6 6. Nxe5 Nxe5 7. dxe5
Qxe5+ 8. Qe2 Qe7 9. Nd5 Qe6 10. Nxc7+ Ke7 11. Nxe6 Bxe6 12. g3 Kd8 13. Bf4
Bb4+ 14. c3 Bc5 15. O-O-O+ Bd7 16. Qg4 Nf6 17. Qxg7 Bd6 18. Qxh8+ Ne8 19.
Rxd6 h5 20. Bh3 f5 21. Bxf5 h4 22. Rxd7+ Kc8 23. Qxe8# { Black checkmated }
1-0

[Event "ICC tourney 2376 (15 3)"]
[Site "Internet Chess Club"]
[Date "2021.02.06"]
[Round "6"]
[White "Barnstorm"]
[Black "NikitaR"]
[Result "1-0"]
[ICCResult "Black checkmated"]
[WhiteElo "1233"]
[BlackElo "166"]
[Opening "King's pawn game"]
[ECO "C50"]
[NIC "IG.03"]
[Time "17:47:59"]
[PlyCount "107"]
[TimeControl "900+3"]

1. e4 e5 2. Nf3 Nc6 3. Bc4 h6 4. d4 exd4 5. Nxd4 Nxd4 6. Qxd4 Nf6 7. O-O b6
8. e5 Nh5 9. Re1 Bc5 10. Qg4 g6 11. e6 dxe6 12. Bd5 Qxd5 13. Nc3 Qd6 14.
Nb5 Qc6 15. c4 O-O 16. b3 e5 17. Qe2 f6 18. Bxh6 Re8 19. Rad1 Be6 20. Qe4
Qxe4 21. Rxe4 Red8 22. Rf1 g5 23. Nxc7 Rac8 24. Nxe6 Rd6 25. Nxc5 bxc5 26.
h4 Kh7 27. hxg5 fxg5 28. Bxg5 Rg6 29. Rxe5 Rcg8 30. Re7+ Kh8 31. f4 Ng3 32.
Rd1 Nf5 33. Rxa7 Nd4 34. Re1 Nc2 35. Ree7 R6g7 36. Rxg7 Rxg7 37. Bf6 Kh7
38. Rxg7+ Kh6 39. g4 Na3 40. f5 Nxc4 41. g5+ Kh5 42. Rh7+ Kg4 43. g6 Kxf5
44. g7 Kxf6 45. g8=Q Nd6 46. Qg7+ Ke6 47. Qe7+ Kd5 48. Rh5+ Kc6 49. a4 Nc8
50. Qe6+ Nd6 51. a5 Kc7 52. a6 Nb5 53. Rh7+ Kb8 54. Qe8# { Black checkmated
} 1-0

[Event "ICC tourney 2376 (15 3)"]
[Site "Internet Chess Club"]
[Date "2021.02.06"]
[Round "6"]
[White "e35378"]
[Black "UnkArjun"]
[Result "1-0"]
[ICCResult "Black checkmated"]
[WhiteElo "1368"]
[BlackElo "658"]
[Opening "Giuoco Piano"]
[ECO "C54"]
[NIC "IG.02"]
[Time "17:47:47"]
[PlyCount "117"]
[TimeControl "900+3"]

1. e4 e5 2. Nf3 Nc6 3. Bc4 Bc5 4. c3 Nf6 5. d3 O-O 6. O-O d6 7. Bg5 h6 8.
Bh4 Be6 9. Nbd2 Na5 10. Bb5 c6 11. Ba4 b5 12. Bc2 a6 13. Re1 Re8 14. Nf1 b4
15. Ng3 g5 16. Nxg5 hxg5 17. Bxg5 bxc3 18. bxc3 Bd7 19. Nh5 Re6 20. Qf3 d5
21. Nxf6+ Kf8 22. Nxd7+ Qxd7 23. Qh5 Rg6 24. h4 Qa7 25. Be3 d4 26. cxd4
exd4 27. Bh6+ Ke7 28. Bg5+ Kf8 29. e5 Re8 30. f4 Bb4 31. Re4 Bc3 32. Rf1
Qc5 33. f5 Rg8 34. f6 Rb8 35. Qh6+ Ke8 36. e6 fxe6 37. Rxe6+ Kd7 38. Re7+
Kd8 39. f7 Qxe7 40. Bxe7+ Kxe7 41. fxg8=Q Rxg8 42. Rf3 c5 43. Qf6+ Kd7 44.
Qf7+ Kc6 45. Qxg8 Kb5 46. h5 Nc4 47. dxc4+ Ka5 48. h6 d3 49. Bxd3 Bd4+ 50.
Kh2 Be5+ 51. g3 Bxg3+ 52. Kxg3 Kb6 53. h7 Ka5 54. h8=Q Kb6 55. Qd8+ Kc6 56.
Rf6+ Kb7 57. Qh1+ Ka7 58. Qd7+ Kb8 59. Qh8# { Black checkmated } 1-0

[Event "ICC tourney 2376 (15 3)"]
[Site "Internet Chess Club"]
[Date "2021.02.06"]
[Round "6"]
[White "queen1234"]
[Black "DanilMcQuillin"]
[Result "1/2-1/2"]
[ICCResult "Game drawn because neither player has mating material"]
[WhiteElo "1272"]
[BlackElo "1193"]
[Opening "Four knights: Italian variation"]
[ECO "C55"]
[NIC "IG.01"]
[Time "17:47:44"]
[PlyCount "217"]
[TimeControl "900+3"]

1. e4 e5 2. Nf3 Nc6 3. Bc4 Nf6 4. Nc3 Nxe4 5. Nxe4 d5 6. Bxd5 Qxd5 7. Ng3
Bd6 8. d3 O-O 9. h3 f5 10. O-O Bd7 11. Re1 Rae8 12. b3 e4 13. dxe4 Qxd1 14.
Rxd1 fxe4 15. Ne1 Rf7 16. Be3 a6 17. Ne2 Bf5 18. c4 b6 19. Nc2 Ne5 20. Ncd4
Bc8 21. Nc3 Bb7 22. Nd5 b5 23. Nc3 bxc4 24. bxc4 Nxc4 25. Rab1 Nxe3 26.
fxe3 c5 27. Nb3 Bf8 28. Na5 Ree7 29. Nxb7 Rxb7 30. Rxb7 Rxb7 31. Nxe4 Rb2
32. a4 Rb4 33. Nc3 Rc4 34. Rd3 g6 35. Kf2 Bg7 36. Nd5 Rxa4 37. Nb6 Ra2+ 38.
Kf3 a5 39. Rd8+ Kf7 40. Rd7+ Kf6 41. Nd5+ Ke6 42. Rxg7 Kxd5 43. Rxh7 Rb2
44. e4+ Ke5 45. Re7+ Kf6 46. Ra7 Ra2 47. Ra6+ Kg5 48. e5 c4 49. e6 Kf6 50.
g4 Ra3+ 51. Ke4 Rxh3 52. g5+ Ke7 53. Ke5 Re3+ 54. Kd5 c3 55. Ra7+ Kf8 56.
Rxa5 c2 57. Ra8+ Ke7 58. Rc8 Rxe6 59. Rxc2 Rd6+ 60. Ke5 Rd7 61. Kf4 Kf7 62.
Rc6 Rd5 63. Rf6+ Kg7 64. Kg4 Rd4+ 65. Kf3 Rd5 66. Kg4 Ra5 67. Kf4 Ra1 68.
Kg4 Rg1+ 69. Kh4 Rh1+ 70. Kg4 Rh5 71. Rc6 Rh8 72. Rc7+ Kg8 73. Rc8+ Kg7 74.
Rxh8 Kxh8 75. Kf4 Kg7 76. Ke5 Kf7 77. Kf4 Ke7 78. Ke5 Kf7 79. Kf4 Ke6 80.
Kg4 Ke5 81. Kh4 Kf5 82. Kh3 Kxg5 83. Kg3 Kf5 84. Kf3 Kg5 85. Kg3 Kf5 86.
Kf3 g5 87. Kg3 g4 88. Kg2 Ke4 89. Kg3 Kf5 90. Kg2 Kg5 91. Kg3 Kh5 92. Kg2
Kh4 93. Kh2 g3+ 94. Kg2 Kg4 95. Kg1 Kf5 96. Kg2 Kf4 97. Kg1 Kf3 98. Kf1 Kg4
99. Kg2 Kh4 100. Kg1 Kh3 101. Kh1 Kh4 102. Kg2 Kg4 103. Kg1 Kf3 104. Kf1
Ke4 105. Kg2 Kf4 106. Kg1 Kf3 107. Kf1 g2+ 108. Kg1 Ke2 109. Kxg2 { Game
drawn because neither player has mating material } 1/2-1/2